 Dungeon Crawl Stone Soup version 0.30.1-11-g7821555f0a (webtiles) character file.

Game seed: 15023620211404204080

39 monsoonserge the Conjurer (level 3, -1/21 HPs)
             Began as a Tengu Reaver on Jan 10, 2024.
             Slain by an orc priest
             ... wielding a +0 club
              (2 damage)
             ... on level 3 of the Dungeon.
             The game lasted 00:02:48 (1481 turns).

monsoonserge the Conjurer (Tengu Reaver)            Turns: 1481, Time: 00:02:48

Health: -1/21      AC:  5    Str: 12    XL:     3   Next: 47%
Magic:  7/7        EV: 11    Int: 15    God:
Gold:   72         SH:  0    Dex: 12    Spells: 5/6 levels left

rFire   . . .        g - +2 whip (elec)
rCold   . . .        (no shield)
rNeg    . . .        e - +0 ring mail
rPois   .            (helmet restricted)
rElec   .            (no cloak)
rCorr   .            (no gloves)
SInv    .            (boots unavailable)
Will    .....        (no amulet)
Stlth   +            m - ring of wizardry
HPRegen 0.23/turn    (no ring)
MPRegen 0.10/turn

%: wizardry (x1)
@: no status effects
A: beak, talons 3
a: no special abilities


You were on level 3 of the Dungeon.
You visited 1 branch of the dungeon, and saw 3 of its levels.

You collected 72 gold pieces.

Inventory:

Hand Weapons
 g - a +2 whip of electrocution (weapon)
Missiles
 i - 4 atropa-tipped darts
Armour
 b - a +0 leather armour
 e - a +0 ring mail (worn)
 j - a +0 scale mail
Jewellery
 l - a ring of ice
 m - a ring of wizardry (left hand)
Scrolls
 a - 2 scrolls of summoning {unknown}
 c - a scroll of silence {unknown}
 f - 3 scrolls of identify {unknown}
 k - a scroll of immolation {unknown}
 n - a scroll of amnesia {unknown}
 o - a scroll of teleportation {unknown}
 p - a scroll of magic mapping {unknown}
 q - a scroll of blinking {unknown}
Potions
 d - 4 potions of curing {unknown}
 h - a potion of haste {unknown}


   Skills:
 + Level 2.1 Fighting
 + Level 4.1 Maces & Flails
 * Level 1.1 Armour
 + Level 2.4 Dodging
 - Level 2.0 Spellcasting
 + Level 4.4 Conjurations


You had 5 spell levels left.
You knew the following spells:

 Your Spells              Type           Power      Damage    Failure   Level
a - Kiss of Death         Conj/Necr      32%        2d7       9%          1

Your spell library contained the following spells:

 Spells                   Type           Power      Damage    Failure   Level
 Momentum Strike          Conj/Tloc      16%        3d8       12%         2
 Hailstorm                Conj/Ice       8%         3d4       24%         3


Dungeon Overview and Level Annotations

Branches:
Dungeon (3/15)

Altars:
Sif Muna

Shops:
D:2 (


Innate Abilities, Weirdness & Mutations

You have a beak for a mouth.
You have claws for feet.


Message History

An orc comes into view. It is wielding a +0 club.
You hear a shout!
A rat comes into view.
An orc priest comes into view. It is wielding a +0 club.
Found 17 gold pieces.
The teleport trap disappears.
The rat disappears!
You hit the orc. Your kick misses the orc.
The orc is heavily wounded.
The orc hits you but does no damage.
You hit the orc. Lightning courses through the orc!!
You kill the orc!
The orc priest mumbles some strange prayers to Beogh against you.
Pain shoots through your body!
Ouch! That really hurt!
The orc hits you but does no damage.
You hit the orc.
The orc is heavily wounded.
You whack the orc! Lightning courses through the orc!!
You kill the orc!
Things that are here:
a +0 short sword; a +0 leather armour; an orc corpse You closely miss the orc priest.
Your kick misses the orc priest. You peck the orc priest.
The orc priest is lightly wounded.
The orc priest barely misses you.
You hit the orc priest.
You claw the orc priest, but do no damage.
You peck the orc priest.
The orc priest is heavily wounded.
The orc priest hits you with a +0 club.
You completely miss the orc priest. Your kick misses the orc priest.
You peck the orc priest.
The orc priest is severely wounded.
The orc priest calls down the wrath of Beogh upon you.
Pain shoots through your body!
* * * LOW HITPOINT WARNING * * *
You barely miss the orc priest. You peck the orc priest.
The orc priest is almost dead.
The orc priest hits you with a +0 club.
You die...

#.......#..
#.......#.....
#..._...^.... .
#.......#...# . ####
#.......#...#####. .....
..... #...#.....
......####.####.........
......o@..........#.....
...$...)...............#
.....(......###.........
.$.......#### #...##.##.
.........# ######.##.
.........# ######....
.........# #.........
.........# ###.........
#########...........


You could see an orc priest.

Vanquished Creatures
  2 orcs (D:3)
  5 ball pythons
  4 endoplasms
  A giant cockroach (D:1)
  2 goblins
  3 hobgoblins
  5 jackals
  2 quokkas
  4 bats (D:1)
  2 frilled lizards
  A kobold (D:1)
  A rat (D:1)
32 creatures vanquished.

Notes
Turn   | Place    | Note
-------+----------+-------------------------------------------
     0 | D:1      | monsoonserge the Tengu Reaver began the quest for the Orb.
     0 | D:1      | Reached XP level 1. HP: 12/12 MP: 4/4
   149 | D:1      | Reached XP level 2. HP: 17/17 MP: 6/6
   948 | D:1      | Reached XP level 3. HP: 21/21 MP: 7/7
  1216 | D:2      | Found Hixzyly's Weapon Shop.
  1238 | D:2      | Reached skill level 1 in Armour
  1340 | D:2      | You fall into a shaft and drop 1 floor!
  1468 | D:3      | Found a shimmering blue altar of Sif Muna.
  1480 | D:3      | HP: 1/21 [orc priest/nerve-wracking pain (7)]
  1481 | D:3      | Slain by an orc priest

Illustrated notes

Levels and vault maps discovered:
D:1:      denvon_arrival_waterhouse, layout_loops_corners,
          kennysheep_pointless_box, minmay_pentomino_q4
D:2:      minmay_evil_eye, layout_basic, serial_shops, shop, basic_altar
D:3:      layout_basic, lemuel_tele_altar, uniq_grinder

Skill      XL: |  1  2  3 |
---------------+----------+-----
Maces & Flails | 4 |  4.1
Armour         | 1 |  1.1
Fighting       | |  2.1
Dodging        | |  2.4
Spellcasting   | |  2.0
Conjurations   | |  4.4

Action                     || total
---------------------------++-------
  Melee: Mace              ||    22
         Kick              ||    13
         Peck              ||     7
         Whip              ||    44
 Armour: Ring mail         ||    16
  Dodge: Dodged            ||    39
